cohdb
Replays
Latest Replays
All Replays
Popular Replays
Top Player Replays
Match Explorer
How It Works
Community
CoH3 Stats
Reddit
Sign in to upload your games and track your stats! →
Sign in with Steam
Match 20362283
Unlisted
Match 20362283
Overview
Messages
Build Orders
End
Royal Engineer Section
Construct Section Command Post
Dingo Light Scout Car
Infantry Section
Infantry Section
Selects Air and Sea Battlegroup
Selects Supply Surplus
Infantry Section
Construct Field Infirmary
Construct Resource Cache
Construct Platoon Command Post
6-pounder Anti-tank Gun Team
Royal Engineer Section
Selects Centaur Medium Tank
Centaur Medium Tank
MonoChrome
When does the narwhal le bacon
Turtleboy
Tango
0
0
Comments
sign in to comment!
No comments posted yet!